 Dungeon Crawl Stone Soup version 0.20-a0-501-g0de2c2e (webtiles) character file.

4742 Ijustatesigmund the Carver (level 10, -4/74 HPs)
             Began as a Barachian Fighter on Jan 19, 2017.
             Was a Priest of Okawaru.
             Slain by a troll (6 damage)
             ... on level 9 of the Dungeon.
             The game lasted 00:33:18 (10400 turns).

Ijustatesigmund the Carver (Barachian Fighter)     Turns: 10400, Time: 00:33:19

Health: -4/74      AC: 19    Str: 21      XL:     10   Next: 46%
Magic:  14/14      EV:  9    Int:  6      God:    Okawaru [***...]
Gold:   488        SH:  3    Dex: 12 (13) Spells: 9/9 levels left

rFire    + . .     SeeInvis +   B - +0 great sword
rCold    . . .     Gourm    .   I - +4 scale mail {rF+}
rNeg     . . .     Faith    .   (shield currently unavailable)
rPois    .         Spirit   .   p - +0 helmet
rElec    .         Reflect  +   (no cloak)
rCorr    .         Harm     .   (no gloves)
MR       .....     Clarity  +   s - +0 pair of boots
Stlth    ..........             h - +3 amulet of reflection
Regen    0.3/turn               k - +5 ring of protection
                                C - ring of see invisible

@: mighty, slow
A: swims, clarity, frail 1, slowness 1, MP-powered wands, strong legs 1
a: Hop, Heroism, Renounce Religion


You were on level 9 of the Dungeon.
You worshipped Okawaru.
Okawaru was most pleased with you.
You were hungry.

You visited 2 branches of the dungeon, and saw 10 of its levels.
You also visited: Sewer and Ossuary.

You collected 488 gold pieces.

Inventory:

Hand Weapons
 a - a +0 long sword
 B - a +0 great sword (weapon)
Missiles
 o - a throwing net (quivered)
 E - 7 javelins
Armour
 c - a +0 shield
 p - a +0 helmet (worn)
 s - a +0 pair of boots (worn)
 G - a +0 crystal plate armour
 I - a +4 scale mail of fire resistance (worn)
Jewellery
 h - a +3 amulet of reflection (around neck)
 j - a +5 ring of intelligence
 k - a +5 ring of protection (right hand)
 y - a +3 ring of strength
 C - a ring of see invisible (left hand)
Wands
 i - a wand of random effects (22/48)
 v - a wand of disintegration (13/24)
 x - a wand of lightning (7/15)
 D - a wand of paralysis (12/24)
 F - a wand of polymorph (12/24)
 R - a wand of confusion (29/48)
Scrolls
 d - 5 scrolls of remove curse
 l - 6 scrolls of teleportation
 n - 3 scrolls of recharging
 u - 4 scrolls of amnesia
 z - a scroll of identify
 A - a scroll of blinking
 N - a scroll of magic mapping
 P - a scroll of fear {unknown}
 Q - a scroll of holy word {unknown}
Potions
 b - 4 potions of agility
 e - 2 potions of mutation
 q - 2 potions of ambrosia
 r - 2 potions of lignification
 t - a potion of haste
 w - 3 potions of flight
 H - 2 potions of cancellation
 L - a potion of heal wounds
 M - a potion of curing
Books
 O - a book of Frost

   Spells                             Type                      Level
   a - Freeze                         Ice                          1
   b - Throw Frost                    Conjuration/Ice              2
   c - Ozocubu's Armour               Charms/Ice                   3
   d - Throw Icicle                   Conjuration/Ice              4
   e - Summon Ice Beast               Ice/Summoning                4
Comestibles
 f - 5 bread rations
 g - 6 meat rations
 J - 5 fruits


   Skills:
 + Level 9.6 Fighting
 + Level 10.1 Long Blades
 - Level 7.7 Armour
 - Level 3.0 Shields
 - Level 6.5 Invocations


You had 9 spell levels left.
You didn't know any spells.

Dungeon Overview and Level Annotations

Branches:
Dungeon (9/15)             Temple (1/1) D:4
   Lair: D:8-11         Orc: D:9-12

Altars:
Ashenzari
Cheibriados
Dithmenos
Elyvilon
Fedhas
Gozag
Hepliaklqana
Kikubaaqudgha
Makhleb
Nemelex Xobeh
Okawaru
Qazlal
Ru
Sif Muna
Trog
Uskayaw
Vehumet
Xom
Yredelemnul
Zin
The Shining One

Shops:
D:4 %

Annotations:
D:3 Terence


Innate Abilities, Weirdness & Mutations

You can swim through water.
You cover ground slowly.
You can hop short distances.
You possess an exceptional clarity of mind.
You are frail. (-10% HP)
You expend magic power (3 MP) to strengthen your wands.


Message History

The troll bites you but does no damage. The troll claws you!
* * * LOW HITPOINT WARNING * * *
The troll claws you but does no damage.
You slash the troll!
The troll is severely wounded.
The troll bites you but does no damage. The troll claws you.
* * * LOW HITPOINT WARNING * * *
The troll claws you.
* * * LOW HITPOINT WARNING * * *
You closely miss the troll.
The troll is severely wounded.
The troll bites you.
* * * LOW HITPOINT WARNING * * *
The troll barely misses you. x2
You closely miss the troll.
The troll is severely wounded.
The troll bites you.
* * * LOW HITPOINT WARNING * * *
The troll claws you.
You die...

#...#.....(......#...#.
#..........(..<...######
...................####
#..###.).(..........#.##
#....#..().............#
#......(...>.........##
#......(........#.<.##
##....T..(.......#.##
#####@...........##
#..............#
##............##
#..............#
##.#..#...###.##
########## ###


You could see a troll.

Vanquished Creatures
  Prince Ribbit (D:6)
  Grinder (D:6)
  Edmund (D:6)
  Menkaure (D:7)
  Duvessa (D:4)
  A water moccasin (D:6)
  2 ice beasts
  6 sky beasts
  2 ogres
  A phantom (D:7)
  2 centaurs
  An elf zombie (D:7)
  3 big kobolds
  3 bullfrogs
  Dowan (D:4)
  2 elf skeletons (D:7)
  2 scorpions (D:9)
  3 wights (D:8)
  8 howler monkeys
  A bullfrog zombie (D:7)
  A centaur zombie (D:8)
  5 crimson imps
  2 bullfrog skeletons
  6 orc priests
  4 hounds
  5 orc wizards
  A gnoll shaman (D:8)
  A centaur skeleton (D:7)
  A human skeleton (D:7)
  Ijyb (D:4)
  Natasha (thrice) (D:3 D:6)
  3 iguanas
  2 worker ants
  11 mummies (Ossuary)
  12 gnolls
  8 adders
  A river rat (D:3)
  3 oozes
  3 adder skeletons (D:4)
  A worm (D:2)
  A dart slug (D:1)
  5 leopard geckos
  28 orcs
  4 ball pythons
  3 bats
  14 giant cockroaches
  11 goblins
  9 hobgoblins
  19 jackals
  15 kobolds
  4 quokkas
  9 frilled lizards
  3 gnoll skeletons (Ossuary)
  2 goblin skeletons (Ossuary)
  3 kobold skeletons (Ossuary)
  2 orc skeletons (D:7)
  16 rats
  11 rat skeletons (Ossuary)
276 creatures vanquished.

Vanquished Creatures (others)
  A quokka (D:4)
1 creature vanquished.

Grand Total: 277 creatures vanquished

Notes
Turn   | Place    | Note
-------+----------+-------------------------------------------
     0 | D:1      | Ijustatesigmund the Barachian Fighter began the quest for the Orb.
     0 | D:1      | Reached XP level 1. HP: 18/18 MP: 1/1
   143 | D:1      | Reached XP level 2. HP: 18/24 MP: 2/2
   345 | D:1      | Reached skill level 3 in Long Blades
   629 | D:2      | Reached XP level 3. HP: 29/30 MP: 3/3
   865 | D:2      | Reached skill level 4 in Long Blades
  1377 | D:3      | Reached XP level 4. HP: 37/37 MP: 4/4
  1433 | D:3      | Noticed Natasha
  1438 | D:3      | Killed Natasha
  1479 | D:3      | Found a glowing drain.
  1491 | D:3      | Reached XP level 5. HP: 43/43 MP: 5/5
  1506 | Sewer    | Entered a sewer
  1633 | Sewer    | Reached skill level 5 in Long Blades
  1998 | D:3      | Reached XP level 6. HP: 35/50 MP: 6/6
  2091 | D:3      | Noticed Terence
  2346 | D:3      | Reached skill level 5 in Fighting
  2485 | D:3      | Reached skill level 6 in Long Blades
  3087 | D:4      | Found Leadghim's Food Shop.
  3123 | D:4      | Noticed Dowan
  3124 | D:4      | Noticed Duvessa
  3139 | D:4      | Killed Duvessa
  3139 | D:4      | Reached XP level 7. HP: 43/56 MP: 7/7
  3142 | D:4      | Killed Dowan
  3142 | D:4      | Reached skill level 7 in Long Blades
  3501 | D:4      | HP: 1/57 [orc priest/divine providence (13)]
  3834 | D:4      | Found a white marble altar of Elyvilon.
  3851 | D:4      | Found a staircase to the Ecumenical Temple.
  3857 | Temple   | Entered the Ecumenical Temple
  3964 | Temple   | Became a worshipper of Warmaster Okawaru
  4278 | D:4      | Noticed Ijyb
  4283 | D:4      | Killed Ijyb
  4474 | D:5      | Entered Level 5 of the Dungeon
  4532 | D:5      | Reached skill level 1 in Invocations
  4537 | D:5      | Reached XP level 8. HP: 62/65 MP: 7/9
  4830 | D:5      | Reached * piety under Okawaru
  5106 | D:6      | Noticed Natasha
  5107 | D:6      | Reached skill level 8 in Long Blades
  5116 | D:6      | Killed Natasha
  5295 | D:6      | Noticed Edmund
  5305 | D:6      | Killed Edmund
  5305 | D:6      | Reached skill level 5 in Armour
  5525 | D:6      | Noticed Grinder
  5539 | D:6      | Killed Grinder
  5539 | D:6      | Reached XP level 9. HP: 45/72 MP: 10/12
  5561 | D:6      | Noticed Natasha
  5565 | D:6      | Killed Natasha
  5677 | D:6      | Noticed Prince Ribbit
  5698 | D:6      | Reached ** piety under Okawaru
  5707 | D:6      | Killed Prince Ribbit
  6329 | D:7      | Reached skill level 9 in Long Blades
  6329 | D:7      | Reached skill level 5 in Invocations
  6377 | D:7      | Found a sand-covered staircase.
  6388 | Ossuary  | Entered an ossuary
  6996 | Ossuary  | Gained mutation: You are frail. (-10% HP) [potion of mutation]
  6996 | Ossuary  | Gained mutation: You possess an exceptional clarity of mind. [potion of mutation]
  6996 | Ossuary  | Gained mutation: You expend magic power (3 MP) to strengthen your wands. [potion of mutation]
  7785 | D:7      | Noticed Menkaure
  7795 | D:7      | HP: 2/67 [Menkaure (17)]
  7800 | D:7      | Killed Menkaure
  7800 | D:7      | Reached *** piety under Okawaru
  8728 | D:7      | Reached XP level 10. HP: 68/73 MP: 14/14
  8992 | D:8      | Found a basalt altar of Yredelemnul.
  9642 | D:8      | Found a shattered altar of Ashenzari.
  9642 | D:8      | Found a basalt altar of Yredelemnul.
  9643 | D:8      | Found a glowing golden altar of the Shining One.
 10214 | D:9      | Reached skill level 10 in Long Blades
 10400 | D:9      | HP: 2/74 [troll (2)]
 10400 | D:9      | Slain by a troll

Vault maps used:
D:1:      wheals_arrival_shading, minmay_misc_feat_cross, st_stairs_8,
          minmay_tromino_i2
D:2:      grunt_ministairs_11
D:3:      first_bread, portal_sewer_entry_b, eino_tiny_chamber, uniq_terence,
          uniq_natasha
D:4:      kennysheep_goblin_castle, serial_corexii_hall,
          corexii_hall_statues_deadend, corexii_hall_statues_x,
          corexii_hall_statues_l, corexii_hall_statues_l, serial_shops,
          kennysheep_mini_moat, elyvilon_altar_4, uniq_duvessa
D:6:      uniq_edmund, uniq_prince_ribbit1, uniq_grinder
D:7:      nicolae_ossuary_entry_catacombs, uniq_menkaure
D:8:      gammafunk_temple_overflow_forgotten, basic_altar
D:9:      david_orc_3, the_bakery, uniq_gastronok, uniq_maurice
Temple:   dpeg_five_rooms_temple
Sewer:    sewer_frog_island_01
Ossuary:  ossuary_due_small_catacomb

Skill      XL: |  1  2  3  4  5  6  7  8  9 10 |
---------------+-------------------------------+-----
Long Blades    | 3 4 5 6 7 8 9 10 | 10.1
Fighting       | 4 5 6 7 8 9 |  9.6
Armour         | 4 5 7 |  7.7
Invocations    | 1 4 6 |  6.5
Shields        | |  3.0

Action                   |  1- 3 |  4- 6 |  7- 9 | 10-12 || total
-------------------------+-------+-------+-------+-------++-------
Melee: Long sword        |   123 |   197 |   189 |       ||   509
       Great sword       |       |       |   350 |   190 ||   540
Throw: Throwing net      |       |       |     1 |       ||     1
Invok: Heroism           |       |       |     2 |       ||     2
 Abil: Hop               |       |     1 |     1 |       ||     2
  Use: Scroll            |     7 |     5 |     6 |       ||    18
       Potion            |       |     4 |    12 |     1 ||    17
  Eat: Chunk             |     2 |     5 |     4 |     5 ||    16
       Fruit             |       |     2 |     1 |       ||     3
       Bread ration      |       |       |     2 |       ||     2
       Meat ration       |       |       |     1 |       ||     1
       Beef jerky        |       |       |     1 |       ||     1
       Pizza             |       |       |       |     1 ||     1
Armor: Scale mail        |    77 |   126 |   178 |   160 ||   541
       Chain mail        |       |       |   114 |       ||   114
Dodge: Dodged            |    33 |    75 |   162 |   140 ||   410
Block: Shield            |    66 |    89 |    89 |       ||   244
       Other             |       |       |    41 |    37 ||    78
       Reflection        |       |       |     1 |       ||     1
       Rpst.: Long sword |    13 |    30 |    11 |       ||    54
       Great sword       |       |       |    42 |    43 ||    85
